 Dungeon Crawl Stone Soup version 0.18-a0-1745-gffa9a88 (webtiles) character file.

5931 MrRokkomies the Spear-Bearer (level 10, 0/83 HPs)
             Began as a Demigod Summoner on Apr 12, 2016.
             Slain by a manticore (4 damage)
             ... on level 11 of the Dungeon.
             The game lasted 00:42:53 (16690 turns).

MrRokkomies the Spear-Bearer (Demigod Summoner)    Turns: 16690, Time: 00:42:53

Health: 0/83       AC: 12    Str: 13    XL:     10   Next: 29%
Magic:  2/15       EV: 10    Int: 25    God:
Gold:   610        SH:  0    Dex: 16    Spells: 4 memorised, 2 levels left

rFire  x . .     SeeInvis .     a - +1 halberd
rCold  + . .     Gourm    .     f - +0 scale mail
rNeg   . . .     Faith    .     (shield currently unavailable)
rPois  .         Spirit   .     R - +0 helmet
rElec  .         Dismiss  .     i - +1 cloak
rCorr  .         Reflect  .     l - +0 pair of gloves
SustAt +         Harm     .     (no boots)
MR     +....                    (no amulet)
Stlth  +.........               G - ring of ice
                                E - +2 ring of intelligence

@: manticore barbs, very slightly contaminated, somewhat resistant to hostile
enchantments, very unstealthy
A: high mp 1, sustain attributes, sturdy frame 1
a: no special abilities


You were on level 11 of the Dungeon.
You were near starving.

You visited 1 branch of the dungeon, and saw 11 of its levels.
You also visited: Sewer.

You collected 610 gold pieces.

Inventory:

Hand Weapons
 a - a +1 halberd (weapon)
 b - a +0 blowgun
 u - a +2 dagger of venom
Missiles
 m - 122 poisoned needles
 p - 7 javelins (quivered)
 r - 3 throwing nets
Armour
 e - a +0 leather armour
 f - a +0 scale mail (worn)
 i - a +1 cloak (worn)
 l - a +0 pair of gloves (worn)
 z - a quicksilver dragon hide
 R - a +0 helmet (worn)
Magical Staves
 M - an uncursed staff of poison
Jewellery
 E - a +2 ring of intelligence (left hand)
 F - an uncursed ring of ice
 G - a ring of ice (right hand)
Wands
 A - a wand of acid (7/15)
 C - a wand of confusion (33/48)
 K - a wand of paralysis (10/24)
Scrolls
 d - 7 scrolls of remove curse
 g - 2 scrolls of teleportation
 h - 2 scrolls of recharging
 o - 2 scrolls of fear
 q - a scroll of amnesia
 s - 2 scrolls of magic mapping
 y - 2 scrolls of blinking
 N - a scroll of identify
 Q - 3 scrolls of enchant weapon
Potions
 j - 5 potions of flight
 k - a potion of magic
 n - a potion of berserk rage
 v - a potion of curing
 w - a potion of ambrosia
 x - a potion of might
 B - a potion of haste
 H - 3 potions of brilliance
 L - a potion of agility
Books
 D - a book of Necromancy

   Spells                             Type                      Level
   a - Pain                           Necromancy                   1
   b - Animate Skeleton               Necromancy                   1
   c - Vampiric Draining              Necromancy                   3
   d - Regeneration                   Charms/Necromancy            3
   e - Animate Dead                   Necromancy                   4
   f - Control Undead                 Necromancy                   4
 I - a book of Spatial Translocations

   Spells                             Type                      Level
   a - Apportation                    Translocation                1
   b - Blink                          Translocation                2
   c - Shroud of Golubria             Charms/Translocation         2
   d - Portal Projectile              Translocation                3
   e - Teleport Other                 Translocation                3
   f - Passage of Golubria            Translocation                4
 O - a book of Callings

   Spells                             Type                      Level
   a - Summon Small Mammal            Summoning                    1
   b - Call Imp                       Summoning                    2
   c - Call Canine Familiar           Summoning                    3
   d - Summon Guardian Golem          Hexes/Summoning              3
   e - Summon Lightning Spire         Summoning/Air                4
   f - Summon Ice Beast               Ice/Summoning                4
Comestibles
 c - 4 bread rations
 t - 2 meat rations
 J - a slice of pizza
 S - 7 fruits


   Skills:
 - Level 6.0 Fighting
 * Level 10.0 Polearms
 * Level 5.3 Armour
 - Level 1.7 Dodging
 - Level 1.7 Stealth
 - Level 1.7 Spellcasting
 - Level 6.2 Summonings
 - Level 4.0 Air Magic


You had 2 spell levels left.
You knew the following spells:

 Your Spells              Type           Power        Failure   Level  Hunger
a - Summon Small Mammal   Summ           ####         1%          1    #......
b - Call Canine Familiar  Summ           ####....     10%         3    ###....
c - Summon Lightning Spi  Summ/Air       ####....     34%         4    #####..
d - Blink                 Tloc           N/A          52%         2    ##.....


Dungeon Overview and Level Annotations

Branches:
Dungeon (11/15)            Temple (0/1) D:6             Orc (0/2) D:11
   Lair: D:8-11

Shops:
D:9 (

Annotations:
D:6 Eustachio


Innate Abilities, Weirdness & Mutations

You have an increased reservoir of magic (+10% MP).
Your attributes are resistant to harm.
Your movements are slightly less encumbered by armour (ER -2).


Message History

* * * LOW HITPOINT WARNING * * *
The manticore closely misses you.
Drink which item? (? for menu, Esc to quit)
You're too hungry to go berserk.
You barely miss the manticore.
The manticore is almost dead.
The manticore bites you.
* * * LOW HITPOINT WARNING * * *
The manticore claws you but does no damage.
The manticore closely misses you.
You closely miss the manticore.
The manticore is almost dead.
The manticore bites you but does no damage.
The manticore claws you but does no damage. x2
You hit the manticore.
The manticore is almost dead.
The manticore bites you!
* * * LOW HITPOINT WARNING * * *
The manticore claws you.
You die...

## 8.. ....
######+#### ..>..
#####.........#
......#...'.........#
.....oH@###.........+
......### #.........#
..... #.........#
.... #.........# ...
#.........# ..
#...!.....# .
#....<....#
#.........#
###########


You could see a manticore and an orc.

Vanquished Creatures
  A hill giant (D:10)
  3 yaks
  2 ice beasts
  A phantom (D:10)
  A sky beast (D:7)
  A black bear (D:9)
  An eye of draining (D:10)
  5 ogres
  A wolf (D:10)
  3 centaurs
  A big kobold (D:9)
  8 giant frogs
  4 scorpions
  3 killer bees (D:10)
  5 howler monkeys
  A centaur zombie (D:5)
  A giant frog zombie (D:6)
  2 crimson imps
  An orc priest (D:10)
  An orc wizard (D:8)
  2 giant frog skeletons
  2 jellies
  2 centaur skeletons
  2 hounds (D:4)
  An iguana (D:7)
  8 worker ants
  2 howler monkey zombies
  A worker ant zombie (D:8)
  A howler monkey skeleton (D:10)
  10 adders
  2 gnolls
  4 shadow imps
  3 adder skeletons
  2 dart slugs
  4 giant geckos
  10 orcs
  6 giant cockroaches
  4 goblins
  7 hobgoblins
  14 jackals
  14 kobolds
  3 quokkas
  A ball python (D:3)
  6 bats
  2 giant gecko skeletons (D:4)
  2 giant newts
  A quokka skeleton (D:6)
  9 rats
171 creatures vanquished.

Vanquished Creatures (collateral kills)
  Fannar (D:10)
  An unseen horror (D:9)
  Joseph (D:9)
  Psyche (D:10)
  A wyvern (D:9)
  A yak (D:7)
  A hungry ghost (D:7)
  Grum (D:10)
  An orc warrior (D:10)
  A sky beast (D:6)
  A black bear (D:7)
  2 wolves (D:10)
  An ogre (D:6)
  A big kobold (Sewer)
  A jelly (D:7)
  3 killer bees (D:10)
  2 iguanas
  3 gnolls (D:4)
  2 adders
  A river rat (D:3)
  A worm (D:2)
  A giant gecko (D:1)
  5 orcs
  A giant cockroach (D:3)
  2 jackals
  A kobold (Sewer)
  2 rats (Sewer)
40 creatures vanquished.

Vanquished Creatures (others)
  3 fungi (D:6)
3 creatures vanquished.

Grand Total: 214 creatures vanquished

Notes
Turn   | Place    | Note
--------------------------------------------------------------
     0 | D:1      | MrRokkomies the Demigod Summoner began the quest for the Orb.
     0 | D:1      | Reached XP level 1. HP: 14/14 MP: 5/5
   418 | D:1      | Reached skill level 1 in Fighting
   434 | D:1      | Reached XP level 2. HP: 23/23 MP: 7/7
  1871 | D:1      | Reached XP level 3. HP: 26/29 MP: 8/8
  1922 | D:1      | Learned a level 3 spell: Call Canine Familiar
  2376 | D:2      | Found a faded altar to an unknown god.
  2952 | D:2      | Found a sacrificial altar of Ru.
  3221 | D:3      | Reached XP level 4. HP: 9/36 MP: 0/9
  3401 | D:3      | Found a glowing drain.
  3440 | Sewer    | Entered a sewer
  3495 | Sewer    | Noticed a big kobold
  3541 | Sewer    | Killed a big kobold
  3541 | Sewer    | Reached skill level 1 in Polearms
  3591 | Sewer    | Found a white marble altar of Elyvilon.
  3838 | D:4      | Reached skill level 2 in Polearms
  3838 | D:4      | Reached XP level 5. HP: 34/41 MP: 10/10
  4091 | D:4      | Reached skill level 5 in Summonings
  5146 | D:5      | Entered Level 5 of the Dungeon
  5193 | D:5      | Reached skill level 3 in Polearms
  5193 | D:5      | Reached XP level 6. HP: 22/48 MP: 8/11
  5760 | D:5      | Found a glowing silver altar of Zin.
  5761 | D:5      | Found an iron altar of Okawaru.
  5763 | D:5      | Found a radiant altar of Vehumet.
  5764 | D:5      | Found a sparkling altar of Nemelex Xobeh.
  5765 | D:5      | Found a shattered altar of Ashenzari.
  6587 | D:6      | Found a staircase to the Ecumenical Temple.
  6620 | D:6      | Found a snail-covered altar of Cheibriados.
  6951 | D:6      | Found a blossoming altar of Fedhas.
  7091 | D:6      | Reached skill level 4 in Polearms
  7099 | D:6      | Reached XP level 7. HP: 11/55 MP: 12/12
  7395 | D:6      | Noticed Eustachio
  7408 | D:6      | Learned a level 4 spell: Summon Lightning Spire
  7473 | D:6      | Reached skill level 1 in Air Magic
  7642 | D:6      | Gained mutation: Your movements are slightly less encumbered by armour (ER -2). [potion of beneficial mutation]
  7926 | D:6      | Reached skill level 5 in Polearms
  8067 | D:6      | Found an iron altar of Okawaru.
  9431 | D:7      | Reached XP level 8. HP: 39/61 MP: 13/13
 10036 | D:7      | Reached skill level 6 in Polearms
 11312 | D:8      | Learned a level 2 spell: Blink
 11487 | D:8      | Reached skill level 7 in Polearms
 11583 | D:8      | Found an opulent altar of Gozag.
 12220 | D:8      | Reached XP level 9. HP: 38/72 MP: 14/14
 12386 | D:9      | Reached skill level 5 in Fighting
 12601 | D:9      | Found Roqauro's Weapon Boutique.
 12865 | D:9      | Reached skill level 8 in Polearms
 12937 | D:9      | Noticed Joseph
 13689 | D:9      | Noticed a hill giant
 14177 | D:9      | Killed Joseph
 14177 | D:9      | Reached skill level 1 in Armour
 14572 | D:9      | Killed an unseen horror
 14572 | D:9      | Reached skill level 9 in Polearms
 15192 | D:10     | Entered Level 10 of the Dungeon
 15203 | D:10     | Noticed Grum
 15215 | D:10     | Killed Grum
 15645 | D:10     | Noticed Psyche
 15649 | D:10     | Killed Psyche
 15649 | D:10     | Reached XP level 10. HP: 83/83 MP: 10/15
 15770 | D:10     | Killed a hill giant
 16437 | D:10     | Noticed Fannar
 16456 | D:10     | Killed Fannar
 16456 | D:10     | Reached skill level 10 in Polearms
 16456 | D:10     | Reached skill level 5 in Armour
 16669 | D:11     | Found a staircase to the Orcish Mines.
 16669 | D:11     | Noticed a manticore
 16690 | D:11     | HP: 4/83 [manticore (10)]
 16690 | D:11     | Slain by a manticore

Vault maps used:
D:1:      dpeg_arrival_prison
D:2:      first_bread, ecumenical_altar_2, hangedman_decor_push,
          hangedman_ru_absence
D:3:      gup_sewer_entry_bowl, uniq_natasha
D:5:      grunt_temple_overflow_open
D:6:      lemuel_crystal_altar, fedhas_altar_3,
          minmay_temple_entry_statues_pillars, okawaru_altar_gauntlet_db,
          uniq_eustachio
D:8:      nicolae_gozag_cash_rules_everything_around_me
D:9:      serial_shops, shop, uniq_joseph
D:10:     uniq_grum, uniq_fannar, uniq_psyche
D:11:     due_lair_maze_entry_diamond, minmay_orc_entry_temple_small,
          minivault_15
Sewer:    sewer_kobolds

Skill      XL: |  1  2  3  4  5  6  7  8  9 10 |
---------------+-------------------------------+-----
Fighting       | 1 2 4 6 |  6.0
Summonings     | 4 5 6 |  6.2
Polearms       | 2 3 4 5 7 9 10 | 10.0
Air Magic      | 3 4 |  4.0
Armour         | 4 5 |  5.3
Dodging        | |  1.7
Stealth        | |  1.7
Spellcasting   | |  1.7

Action                   |  1- 3 |  4- 6 |  7- 9 | 10-12 || total
-------------------------+-------+-------+-------+-------++-------
Melee: Short sword       |   173 |       |       |       ||   173
       Spear             |    32 |   117 |       |       ||   149
       Halberd           |       |    91 |   440 |    64 ||   595
       Dagger            |       |       |     2 |       ||     2
 Fire: Shortbow          |       |       |     7 |       ||     7
       Blowgun           |       |       |    14 |    13 ||    27
 Cast: Summon Small Mamm |     2 |       |       |       ||     2
       Call Canine Famil |     4 |    12 |    20 |     3 ||    39
       Summon Lightning  |       |       |    12 |     4 ||    16
  Use: Scroll            |     7 |     2 |    13 |     6 ||    28
       Potion            |     1 |     2 |     4 |     1 ||     8
 Stab: Sleeping          |     6 |     3 |     3 |       ||    12
       Distracted        |       |       |     4 |     2 ||     6
  Eat: Chunk             |     7 |    14 |    29 |     2 ||    52
       Pizza             |       |       |     2 |       ||     2
       Beef jerky        |       |       |     1 |     1 ||     2
       Royal jelly       |       |       |     1 |       ||     1
